TOP OF THE 1ST |
Westwood Sixshooters batting - Pitching for Yakima Hops : RHP Cisco Romero
|
Pitching: RHP Cisco Romero
|
|
Batting: RHB Manuel Becerra
|
0-0: Foul Ball, location: 2F 0-1: Ball 1-1: Ball 2-1: Ball 3-1: Foul Ball, location: 2F 3-2: Base on Balls
|
Batting: RHB Jason Boyer
|
0-0: Called Strike Manuel Becerra is caught stealing 2nd base 0-1: Swinging Strike 0-2: Foul Ball, location: 2F 0-2: Foul Ball, location: 2F 0-2: Fly out, F8 (Flyball, 8LM)
|
Batting: LHB Luis Medina
|
0-0: Called Strike 0-1: Foul Ball, location: 2F 0-2: Fly out, F7 (Flyball, 7M)
|
Top of the 1st over - 0 run(s), 0 hit(s), 0 error(s), 0 left on base; Westwood 0 - Yakima 0 |
BOTTOM OF THE 1ST |
Yakima Hops batting - Pitching for Westwood Sixshooters : RHP Miguel Hernández
|
Pitching: RHP Miguel Hernández
|
|
Batting: RHB Abraham Jacobs
|
0-0: Ball 1-0: Swinging Strike 1-1: Ball 2-1: Ground out 5-3 (Groundball, 5S)
|
Batting: RHB Gabriel Juárez
|
0-0: Ground out 1-3 (Groundball, 15)
|
Batting: RHB Michael Hart
|
0-0: Called Strike 0-1: Ball 1-1: Swinging Strike 1-2: Ball 2-2: Ball 3-2: Foul Ball, location: 2F 3-2: Base on Balls
|
Batting: SHB Carlos Sánchez
|
0-0: Called Strike 0-1: Ball 1-1: Swinging Strike 1-2: Ball 2-2: Strikes out swinging
|
Bottom of the 1st over - 0 run(s), 0 hit(s), 0 error(s), 1 left on base; Westwood 0 - Yakima 0 |
TOP OF THE 2ND |
Westwood Sixshooters batting - Pitching for Yakima Hops : RHP Cisco Romero
|
Batting: RHB Aurelio García
|
0-0: Called Strike 0-1: Ball 1-1: Ball 2-1: Ball 3-1: Base on Balls
|
Batting: RHB Jeremiah Howard
|
0-0: Called Strike 0-1: Foul Ball, location: 2F 0-2: Ball 1-2: SINGLE (Line Drive, 6M) Aurelio García to second Runner from 2nd tries for 3rd, SAFE, no throw or cutoff
|
Batting: RHB Wes Shannon
|
0-0: Called Strike 0-1: Swinging Strike 0-2: Ball 1-2: Strikes out swinging
|
Batting: RHB Jorge Morales
|
0-0: SINGLE (Line Drive, 7LS) Aurelio García scores Jeremiah Howard to second
|
Batting: RHB Richard Hicks
|
0-0: Ball 1-0: Called Strike 1-1: Grounds into double play, U6-3 (Groundball, 6M)
|
Top of the 2nd over - 1 run(s), 2 hit(s), 0 error(s), 1 left on base; Westwood 1 - Yakima 0 |
BOTTOM OF THE 2ND |
Yakima Hops batting - Pitching for Westwood Sixshooters : RHP Miguel Hernández
|
Batting: RHB William Miles
|
0-0: Fly out, F9 (Flyball, 9S)
|
Batting: RHB Edgar García
|
0-0: SINGLE (Line Drive, 6M)
|
Batting: RHB Manny Rodríguez
|
0-0: Grounds into double play, 5-4-3 (Groundball, 5)
|
Bottom of the 2nd over - 0 run(s), 1 hit(s), 0 error(s), 0 left on base; Westwood 1 - Yakima 0 |
TOP OF THE 3RD |
Westwood Sixshooters batting - Pitching for Yakima Hops : RHP Cisco Romero
|
Batting: RHB Sergio Martínez
|
0-0: Called Strike 0-1: Foul Ball, location: 2F 0-2: Foul Ball, location: 2F 0-2: Ground out 4-3 (Groundball, 4)
|
Batting: RHB Manuel Becerra
|
0-0: Ground out 6-3 (Groundball, 6)
|
Batting: RHB Jason Boyer
|
0-0: Ball 1-0: Called Strike 1-1: Ball 2-1: SINGLE (Line Drive, 78M)
|
Batting: LHB Luis Medina
|
0-0: Called Strike 0-1: SINGLE (Groundball, 56D) Jason Boyer to second
|
Batting: RHB Aurelio García
|
0-0: Fly out, F2 (Popup, 23F)
|
Top of the 3rd over - 0 run(s), 2 hit(s), 0 error(s), 2 left on base; Westwood 1 - Yakima 0 |
BOTTOM OF THE 3RD |
Yakima Hops batting - Pitching for Westwood Sixshooters : RHP Miguel Hernández
|
Batting: RHB Manuel Martínez
|
0-0: SINGLE (Groundball, 56D)
|
Batting: RHB José Cervantes
|
0-0: Ball 1-0: Foul Ball, location: 2F 1-1: Grounds into double play, 6-4-3 (Groundball, 6)
|
Batting: RHB Abraham Jacobs
|
0-0: Called Strike 0-1: Foul Ball, location: 2F 0-2: Ball 1-2: Ball 2-2: Foul Ball, location: 2F 2-2: Strikes out swinging
|
Bottom of the 3rd over - 0 run(s), 1 hit(s), 0 error(s), 0 left on base; Westwood 1 - Yakima 0 |
TOP OF THE 4TH |
Westwood Sixshooters batting - Pitching for Yakima Hops : RHP Cisco Romero
|
Batting: RHB Jeremiah Howard
|
0-0: Ball 1-0: SINGLE (Line Drive, 4MD)
|
Batting: RHB Wes Shannon
|
0-0: Foul Ball, location: 2F 0-1: Called Strike 0-2: Strikes out swinging
|
Batting: RHB Jorge Morales
|
0-0: Called Strike 0-1: SINGLE (Groundball, 15S) (infield hit) Jeremiah Howard to second
|
Batting: RHB Richard Hicks
|
0-0: Ball 1-0: Ball 2-0: Ball Wild Pitch! Jeremiah Howard to third Jorge Morales to second 3-0: Called Strike 3-1: Foul Ball, location: 2F 3-2: Base on Balls
|
Batting: RHB Sergio Martínez
|
0-0: Ball 1-0: Swinging Strike 1-1: Foul Ball, location: 2F 1-2: Ball 2-2: Fly out, F8 (Flyball, 8RXD) Runner from 3rd tags up, SCORES, no throw Jorge Morales to third
|
Batting: RHB Manuel Becerra
|
0-0: Ball 1-0: Foul Ball, location: 2F 1-1: Ball 2-1: Ball 3-1: Base on Balls Richard Hicks to second
|
Batting: RHB Jason Boyer
|
0-0: Called Strike 0-1: Foul Ball, location: 2F 0-2: Ground out 6-3 (Groundball, 6)
|
Top of the 4th over - 1 run(s), 2 hit(s), 0 error(s), 3 left on base; Westwood 2 - Yakima 0 |
BOTTOM OF THE 4TH |
Yakima Hops batting - Pitching for Westwood Sixshooters : RHP Miguel Hernández
|
Batting: RHB Gabriel Juárez
|
0-0: Ball 1-0: Called Strike 1-1: Ground out 5-3 (Groundball, 56)
|
Batting: RHB Michael Hart
|
0-0: Ball 1-0: Ball 2-0: Ground out 5-3 (Groundball, 5S)
|
Batting: SHB Carlos Sánchez
|
0-0: Swinging Strike 0-1: Ball 1-1: SINGLE (Line Drive, 34D)
|
Batting: RHB William Miles
|
0-0: SINGLE (Groundball, 6MD) Carlos Sánchez to second Runner from 2nd tries for 3rd, OUT!
|
Bottom of the 4th over - 0 run(s), 2 hit(s), 0 error(s), 1 left on base; Westwood 2 - Yakima 0 |
TOP OF THE 5TH |
Westwood Sixshooters batting - Pitching for Yakima Hops : RHP Cisco Romero
|
Batting: LHB Luis Medina
|
0-0: Fly out, F8 (Flyball, 8RM)
|
Batting: RHB Aurelio García
|
0-0: Called Strike 0-1: Fly out, F3 (Popup, 3DF)
|
Batting: RHB Jeremiah Howard
|
0-0: Ball 1-0: Ball 2-0: Called Strike 2-1: Foul Ball, location: 2F 2-2: Ground out 3-1 (Groundball, 34)
|
Top of the 5th over - 0 run(s), 0 hit(s), 0 error(s), 0 left on base; Westwood 2 - Yakima 0 |
BOTTOM OF THE 5TH |
Yakima Hops batting - Pitching for Westwood Sixshooters : RHP Miguel Hernández
|
Batting: RHB Edgar García
|
0-0: Fly out, F4 (Popup, 4)
|
Batting: RHB Manny Rodríguez
|
0-0: Ball 1-0: Fly out, F7 (Flyball, 7M)
|
Batting: RHB Manuel Martínez
|
0-0: Ball 1-0: Called Strike 1-1: Ground out 4-3 (Groundball, 4)
|
Bottom of the 5th over - 0 run(s), 0 hit(s), 0 error(s), 0 left on base; Westwood 2 - Yakima 0 |
TOP OF THE 6TH |
Westwood Sixshooters batting - Pitching for Yakima Hops : RHP Cisco Romero
|
Batting: RHB Wes Shannon
|
0-0: Ball 1-0: Ball 2-0: Called Strike 2-1: SINGLE (Groundball, 56D)
|
Batting: RHB Jorge Morales
|
0-0: Ball 1-0: Sac Bunt - play at first, batter OUT! 5-4 Wes Shannon to second
|
Batting: RHB Richard Hicks
|
0-0: Ball 1-0: Ball 2-0: Called Strike 2-1: Foul Ball, location: 2F 2-2: Foul Ball, location: 2F 2-2: Strikes out swinging
|
Batting: RHB Sergio Martínez
|
0-0: Ball 1-0: Called Strike Balk! Wes Shannon to third 1-1: SINGLE (Groundball, 4MD) Wes Shannon scores
|
Pitching: RHP Sean Sanford
|
|
Batting: RHB Manuel Becerra
|
0-0: Foul Ball, location: 2F 0-1: Ball Sergio Martínez steals 2nd base 1-1: Reached on error, E5 (Groundball, 5) Sergio Martínez to third
|
Batting: RHB Jason Boyer
|
Pickoff Throw to First - Error! E1 Sergio Martínez scores Manuel Becerra to second 0-0: Ball 1-0: Called Strike 1-1: Foul Ball, location: 2F 1-2: Strikes out looking
|
Top of the 6th over - 2 run(s), 2 hit(s), 2 error(s), 1 left on base; Westwood 4 - Yakima 0 |
BOTTOM OF THE 6TH |
Yakima Hops batting - Pitching for Westwood Sixshooters : RHP Miguel Hernández
|
Batting: RHB José Cervantes
|
0-0: Ball 1-0: Ball 2-0: Ground out 6-3 (Groundball, 6M)
|
Batting: RHB Abraham Jacobs
|
0-0: Ball 1-0: Swinging Strike 1-1: SINGLE (Line Drive, 5)
|
Batting: RHB Gabriel Juárez
|
0-0: SINGLE (Flyball, 89S) Abraham Jacobs to second Runner from 2nd tries for 3rd, SAFE, throw made to third Gabriel Juárez to second
|
Batting: RHB Michael Hart
|
0-0: Ball 1-0: Ball 2-0: Ball 3-0: Base on Balls
|
Batting: SHB Carlos Sánchez
|
0-0: Ball 1-0: Fly out, F9 (Flyball, 89M) Runner from 3rd tags up, SCORES, no throw
|
Batting: RHB William Miles
|
0-0: Ball 1-0: Ground out 6-3 (Groundball, 6)
|
Bottom of the 6th over - 1 run(s), 2 hit(s), 0 error(s), 2 left on base; Westwood 4 - Yakima 1 |
TOP OF THE 7TH |
Westwood Sixshooters batting - Pitching for Yakima Hops : RHP Sean Sanford
|
Batting: LHB Luis Medina
|
0-0: Ball 1-0: Ball 2-0: Ground out 5-3 (Groundball, 5L)
|
Batting: RHB Aurelio García
|
0-0: Swinging Strike 0-1: Ball 1-1: Swinging Strike 1-2: Foul Ball, location: 2F 1-2: Ground out 6-3 (Groundball, 6)
|
Batting: RHB Jeremiah Howard
|
0-0: Ball 1-0: Foul Ball, location: 2F 1-1: Foul Ball, location: 2F 1-2: Strikes out swinging
|
Top of the 7th over - 0 run(s), 0 hit(s), 0 error(s), 0 left on base; Westwood 4 - Yakima 1 |
BOTTOM OF THE 7TH |
Yakima Hops batting - Pitching for Westwood Sixshooters : RHP Miguel Hernández
|
Batting: RHB Edgar García
|
0-0: Ball 1-0: Ball 2-0: SINGLE (Groundball, 6MD)
|
Batting: RHB Manny Rodríguez
|
0-0: Called Strike 0-1: Bunted foul 0-2: Ball 1-2: Grounds into double play, 6-4-3 (Groundball, 6M)
|
Batting: RHB Manuel Martínez
|
0-0: Ball 1-0: Called Strike 1-1: Foul Ball, location: 2F 1-2: Foul Ball, location: 2F 1-2: Ball 2-2: Ball 3-2: Foul Ball, location: 2F 3-2: Foul Ball, location: 2F 3-2: Foul Ball, location: 2F 3-2: Ground out 4-3 (Groundball, 13)
|
Bottom of the 7th over - 0 run(s), 1 hit(s), 0 error(s), 0 left on base; Westwood 4 - Yakima 1 |
TOP OF THE 8TH |
Westwood Sixshooters batting - Pitching for Yakima Hops : RHP Sean Sanford
|
Batting: RHB Wes Shannon
|
0-0: Called Strike 0-1: Ball 1-1: SINGLE (Line Drive, 56)
|
Batting: RHB Jorge Morales
|
0-0: Bunted foul 0-1: Ball 1-1: Sac Bunt - play at first, batter OUT! 5-4 Wes Shannon to second
|
Batting: RHB Richard Hicks
|
0-0: Called Strike 0-1: Ball 1-1: SINGLE (Line Drive, 89M) Wes Shannon to third Runner from 3rd tries for Home, SAFE, no throw or cutoff
|
Batting: RHB Sergio Martínez
|
0-0: Swinging Strike 0-1: Swinging Strike 0-2: Ball 1-2: Ball 2-2: Ball 3-2: Strikes out swinging
|
Batting: RHB Manuel Becerra
|
0-0: Called Strike 0-1: Foul Ball, location: 2F 0-2: Fielders Choice at 2nd, 6-4 (Groundball, 6)
|
Top of the 8th over - 1 run(s), 2 hit(s), 0 error(s), 0 left on base; Westwood 5 - Yakima 1 |
BOTTOM OF THE 8TH |
Yakima Hops batting - Pitching for Westwood Sixshooters : RHP Miguel Hernández
|
Batting: RHB José Cervantes
|
0-0: Ground out 5-3 (Groundball, 5S)
|
Batting: RHB Abraham Jacobs
|
0-0: Fly out, F7 (Flyball, 7M)
|
Batting: RHB Gabriel Juárez
|
0-0: Ball 1-0: Ball 2-0: Fly out, F2 (Popup, 2RF)
|
Bottom of the 8th over - 0 run(s), 0 hit(s), 0 error(s), 0 left on base; Westwood 5 - Yakima 1 |
TOP OF THE 9TH |
Westwood Sixshooters batting - Pitching for Yakima Hops : RHP Sean Sanford
|
Batting: RHB Jason Boyer
|
0-0: Foul Ball, location: 2F 0-1: Fly out, F7 (Flyball, 7M)
|
Batting: LHB Luis Medina
|
0-0: Ball 1-0: Ball 2-0: Fly out, F6 (Popup, 6)
|
Pitching: RHP Joe Dwyer
|
|
Batting: RHB Aurelio García
|
0-0: Called Strike 0-1: Foul Ball, location: 2F 0-2: Ball 1-2: Ground out 6-3 (Groundball, 6M)
|
Top of the 9th over - 0 run(s), 0 hit(s), 0 error(s), 0 left on base; Westwood 5 - Yakima 1 |
BOTTOM OF THE 9TH |
Yakima Hops batting - Pitching for Westwood Sixshooters : RHP Miguel Hernández
|
Batting: RHB Michael Hart
|
0-0: Ball 1-0: Ball 2-0: Swinging Strike 2-1: Fly out, F7 (Line Drive, 7D)
|
Batting: SHB Carlos Sánchez
|
0-0: Ball 1-0: Ball 2-0: Called Strike 2-1: Foul Ball, location: 2F 2-2: Ball 3-2: Base on Balls
|
Batting: RHB William Miles
|
0-0: Called Strike 0-1: Ball 1-1: SINGLE (Groundball, 56D) Carlos Sánchez to second
|
Pitching: RHP Cisco Ortega
|
|
Batting: RHB Edgar García
|
0-0: Ball 1-0: Called Strike 1-1: Ball 2-1: Ball 3-1: Called Strike 3-2: Base on Balls Carlos Sánchez to third William Miles to second
|
Batting: RHB Manny Rodríguez
|
0-0: Foul Ball, location: 2F 0-1: Fly out, F7 (Line Drive, 7M) Runner from 3rd tags up, SCORES, no throw
|
Pinch Hitting: RHB Chris Robinson
|
0-0: Ball 1-0: Ball 2-0: Called Strike 2-1: Ball 3-1: Base on Balls William Miles to third Edgar García to second
|
Batting: RHB José Cervantes
|
0-0: Ball 1-0: Ball 2-0: Ball 3-0: Base on Balls William Miles scores Edgar García to third Chris Robinson to second
|
Batting: RHB Abraham Jacobs
|
0-0: Foul Ball, location: 2F 0-1: Ball 1-1: Ball 2-1: Swinging Strike 2-2: Foul Ball, location: 2F 2-2: Ball 3-2: Strikes out swinging
|
Bottom of the 9th over - 2 run(s), 1 hit(s), 0 error(s), 3 left on base; Westwood 5 - Yakima 3 |
|